 Dungeon Crawl Stone Soup version 0.31-a0-632-g766dd24fdf (webtiles) character file.

Game seed: 4741409900127201311

78052 zenocrate the Black Belt (level 15, -10/94 HPs)
             Began as an Octopode Shapeshifter on Aug 25, 2023.
             Was an Initiate of Gozag.
             Shot with an arrow by a deep elf archer (25 damage)
             ... on level 1 of the Elven Halls on Aug 26, 2023.
             The game lasted 00:40:28 (17308 turns).

zenocrate the Black Belt (Octopode Shapeshifter)   Turns: 17308, Time: 00:40:29

Health: -10/94     AC:  7    Str: 28    XL:     15   Next: 58%
Magic:  19/19      EV: 34    Int:  9    God:    Gozag
Gold:   264        SH:  0    Dex: 29    Spells: 15/20 levels left

rFire   + .          .
                       - Unarmed
rCold   + + .        (shield currently unavailable)
rNeg    + . .        (helmet restricted)
rPois   +            g - amulet of regeneration
rElec   .            v - ring of protection from fire
rCorr   +            w - ring of the Prince of Darkness {Will+ EV+5 Str+5}
SInv    +            B - ring of the Fiend {rN+ rCorr Dex+3}
Will    +++..        H - +6 ring of dexterity
Stlth   +++          t - ring "Piokiqet" {AC+4 Str+3}
HPRegen 1.15/turn    Q - ring "Kociy" {rC++ Str+6 Int-4}
MPRegen 0.16/turn    f - ring of Woruopiy {rPois EV+5 Slay+2 SInv}
                     N - ring of Mom Faoh {Wiz rPois Will+ Dex+2}

%: wizardry (x1)
@: blade tentacles
A: almost no armour, amphibious, 8 rings, camouflage 1, gelatinous body 1,
(nimble swimmer 1), tentacles, iridescent scales 1
a: Begin Untransformation, Renounce Religion, Potion Petition, Call Merchant,
Bribe Branch


You were on level 1 of the Elven Halls.
You worshipped Gozag.
Gozag was aware of your devotion.
You had blades for main tentacles.
You visited 5 branches of the dungeon, and saw 20 of its levels.

You collected 7003 gold pieces.
You spent 2234 gold pieces at shops.
You paid 4505 gold pieces to Gozag.

Inventory:

Missiles
 j - 11 boomerangs (quivered)
 l - 11 javelins
 z - a throwing net
Armour
 b - the +3 hat of Pondering {ponderous, Will+ MP+10 Int+5}
   (You took it off Gastronok on level 1 of the Lair of Beasts)

   Int+5:     It affects your intelligence (+5).
   Will+:     It increases your willpower.
   MP+10:     It affects your magic capacity (+10).
 U - a +0 buckler
Jewellery
 f - the ring of Woruopiy (on tentacle) {rPois EV+5 Slay+2 SInv}
   (You bought it in a shop on level 2 of the Orcish Mines)

   [ring of evasion]

   EV+5:      It affects your evasion (+5).
   Slay+2:    It affects your accuracy & damage with ranged weapons and melee
   (+2).
   rPois:     It protects you from poison SInv: It lets you see invisible.
 g - an amulet of regeneration (around mantle)
 t - the ring "Piokiqet" (on tentacle) {AC+4 Str+3}
   (You bought it in a shop on level 1 of the Lair of Beasts)

   [ring of protection]

   AC+4:      It affects your AC (+4).
   Str+3:     It affects your strength (+3).
 v - a ring of protection from fire (left blade tentacle)
 w - the ring of the Prince of Darkness (right blade tentacle) {Will+ EV+5 Str+5}
   (You found it on level 6 of the Dungeon)

   [ring of evasion]

   EV+5:      It affects your evasion (+5).
   Str+5:     It affects your strength (+5).
   Will+:     It increases your willpower.
 B - the ring of the Fiend (on tentacle) {rN+ rCorr Dex+3}
   (You bought it in a shop on level 1 of the Lair of Beasts)

   [ring of resist corrosion]

   Dex+3:     It affects your dexterity (+3).
   rN+:       It protects you from negative energy.
   rCorr:     It protects you from acid and corrosion.
 H - a +6 ring of dexterity (on tentacle)
 N - the ring of Mom Faoh (on tentacle) {Wiz rPois Will+ Dex+2}
   (You found it on level 5 of the Lair of Beasts)

   [ring of wizardry]

   Wiz:       It improves your spell success rate.
   Dex+2:     It affects your dexterity (+2).
   rPois:     It protects you from poison Will+: It increases your willpower.
 Q - the ring "Kociy" (on tentacle) {rC++ Str+6 Int-4}
   (You found it on level 11 of the Dungeon)

   [ring of strength]

   Str+6:     It affects your strength (+6).
   Int-4:     It affects your intelligence (-4).
   rC++:      It greatly protects you from cold.
Talismans
 c - a flux talisman
 F - a blade talisman (active)
Wands
 s - a wand of flame (11)
 x - a wand of mindburst (13)
 A - a wand of paralysis (18)
 E - a wand of digging (1)
 J - a wand of acid (11)
 T - a wand of polymorph (8)
Scrolls
 h - 3 scrolls of revelation
 i - 2 scrolls of poison
 k - 3 scrolls of teleportation
 n - a scroll of noise {unknown}
 q - 2 scrolls of butterflies
 r - 3 scrolls of vulnerability
 u - 2 scrolls of acquirement {unknown}
 y - 2 scrolls of immolation {unknown}
 D - 3 scrolls of fog
 I - 2 scrolls of fear {unknown}
 P - 2 scrolls of blinking
 R - 2 scrolls of amnesia {unknown}
Potions
 a - a potion of berserk rage
 d - a potion of ambrosia
 e - 4 potions of might
 m - a potion of magic
 o - 2 potions of invisibility
 p - 4 potions of curing
 C - 5 potions of enlightenment
 K - a potion of attraction
 S - a potion of haste


   Skills:
 - Level 6.2 Fighting
 - Level 3.1 Throwing
 + Level 10.8 Dodging
 + Level 18.6 Unarmed Combat
 - Level 3.2 Spellcasting
 - Level 5.0 Transmutations
 - Level 7.2 Evocations
 - Level 12.3 Shapeshifting


You had 15 spell levels left.
You knew the following spells:

 Your Spells              Type           Power      Damage    Failure   Level
a - Wereblood             Tmut           10%        N/A       2%          2
b - Tukima's Dance        Hex            1%         N/A       32%         3

Your spell library contained the following spells:

 Spells                   Type           Power      Damage    Failure   Level
 Foxfire                  Conj/Fire      4%         2x1d4     12%         1
 Necrotise                Necr           4%         1d4       12%         1
 Shock                    Conj/Air       4%         1d3       12%         1
 Slow                     Hex            4%         N/A       12%         1
 Sublimation of Blood     Necr           1%         N/A       17%         2
 Confusing Touch          Hex            1%         N/A       32%         3
 Portal Projectile        Hex/Tloc       2%         N/A       32%         3
 Stone Arrow              Conj/Erth      2%         3d7       32%         3
 Vampiric Draining        Necr           1%         2d6       32%         3
 Petrify                  Tmut/Erth      5%         N/A       38%         4
 Iskenderun's Mystic Bla  Conj/Tloc      1%         2d3       71%         4
 Irradiate                Conj/Tmut      2%         3d12      71%         5
 Agony                    Necr           1%         N/A       96%         5
 Haunt                    Necr/Summ      0%         N/A       100%        7
 Borgnjor's Revivificati  Necr           0%         N/A       100%        8
 Lehudib's Crystal Spear  Conj/Erth      0%         10d2      100%        8
 Death's Door             Necr           0%         N/A       100%        9
 Animate Armour           Summ/Erth      Unusable   N/A       N/A         4

Dungeon Overview and Level Annotations

Branches:
Dungeon (11/15)            Temple (1/1) D:6            Lair (5/5) D:11
  Swamp (0/4) Lair:2        Snake (0/4) Lair:2        Slime (0/5) Lair:4
    Orc (2/2) D:11            Elf (1/3) Orc:2

Altars:
Ashenzari
Cheibriados
Dithmenos
Elyvilon
Fedhas
Gozag
Hepliaklqana
Kikubaaqudgha
Makhleb
Nemelex Xobeh
Okawaru
Qazlal
Ru
Sif Muna
Trog
Uskayaw
Vehumet
Wu Jian
Xom
Yredelemnul
Zin
The Shining One

Shops:
Orc:2 (?=[   Lair:1 [*=

Annotations:
D:6 digging
D:11 3 runed translucent doors, dxb338's ghost, journeyman FeWr


Innate Abilities, Weirdness & Mutations

You have blades for main tentacles.
You are incapable of wielding weapons or throwing items.
You cannot wear most types of armour.
You are amphibious.
You can wear up to eight rings at the same time.
Your skin changes colour to match your surroundings (Stealth+).
Your rubbery body absorbs attacks. (AC +1, EV +1)
((You are camouflaged when in or above water. (Stealth+)))
You have tentacles for arms and can constrict up to eight enemies at once.
You are partially covered in iridescent scales. (AC +2)


Message History

Aiming: Corrosive Bolt
Press: ? - help, Shift-Dir - straight line, f/p - deep elf archer
Aim: a deep elf archer, wielding a +0 longbow, wearing a +0 leather armour and wearing the ring "Otet" {rC+ rN+ Dex+6} (severely wounded, repelling missiles, covered in acid, 42% to hit)
Okay, then.
Unknown command.
Aiming: Corrosive Bolt
Press: ? - help, Shift-Dir - straight line, f/p - deep elf archer
Aim: a deep elf archer, wielding a +0 longbow, wearing a +0 leather armour and wearing the ring "Otet" {rC+ rN+ Dex+6} (severely wounded, repelling missiles, covered in acid, 42% to hit)
The bolt of acid misses the deep elf archer.
The deep elf archer shoots an arrow.
The arrow completely misses you.
Aiming: Throw Flame
Press: ? - help, Shift-Dir - straight line, f/p - deep elf archer
Aim: a deep elf archer, wielding a +0 longbow, wearing a +0 leather armour and wearing the ring "Otet" {rC+ rN+ Dex+6} (severely wounded, repelling missiles, covered in acid, 31% to hit)
The deep elf archer repels the puff of flame!
The deep elf archer shoots an arrow.
The arrow hits you!!
* * * LOW HITPOINT WARNING * * *
Okay, then.
Okay, then.
Aiming: Paralyse
Press: ? - help, Shift-Dir - straight line, f/p - deep elf archer
Aim: a deep elf archer, wielding a +0 longbow, wearing a +0 leather armour and wearing the ring "Otet" {rC+ rN+ Dex+6} (severely wounded, repelling missiles, covered in acid, chance to affect: 17%)
Okay, then.
Okay, then.
You feel better.
The deep elf archer mumbles some strange words.
The deep elf archer blinks!
Unknown command.
The deep elf archer shoots an arrow.
The arrow hits you!
* * * LOW HITPOINT WARNING * * *
Unknown command.
The deep elf archer shoots an arrow.
The arrow hits you!!
* * * LOW HITPOINT WARNING * * *
Unknown command.
Okay, then.
You feel better.
The deep elf archer shoots an arrow.
The arrow closely misses you.
Unknown command.
You feel better.
The deep elf archer shoots an arrow.
The arrow hits you!!
You die...
Your body crumbles into a pile of gold.

#......##.......#####.......###.#
##.....#.........'..+......###..#
.# #'# #.........#####....#......
.# #.# #....(....# #+....#...## #
#.# ##.......## #.#.....#..## ##
#'####'.....### #.###.#...#...
.###...#'##...##e##'# #.#....#..
#'#.....#######....### ###.##..##
##.......###....@....# ##.##..##
#..)......##.........####.....#..
#.........''.........$.......#...
#.........##.........###....#..##
##.).....###.........# ##..#...##
##'.....## ###.....### ###......
#.##...## ###.### ######.
.###+### #.# ## ## #.


You could see a deep elf archer (repels missiles, corroded).

Vanquished Creatures
  Gastronok (Lair:1)
  An entropy weaver (shapeshifter) (D:11)
  6 hydras
  An ogre mage (Orc:1)
  2 catoblepae
  A boulder beetle (D:11)
  4 dancing weapons (Elf:1)
  2 two-headed ogres
  3 skysharks
  An orc high priest (Orc:2)
  Amaemon (Lair:2)
  A deep elf knight (Elf:1)
  A skeletal warrior (D:11)
  4 orc knights
  4 oklob plants (Lair:4)
  4 deep elf pyromancers
  5 deep elf zephyrmancers
  An orc sorcerer (Orc:2)
  A cyclops (D:11)
  2 ugly things
  Jeremiah (D:7)
  Joseph (D:9)
  A gargoyle (D:11)
  15 elephants
  An orange demon (Lair:2)
  6 black mambas
  15 cane toads
  An unseen horror (shapeshifter) (Elf:1)
  Maggie (D:7)
  3 rime drakes
  A komodo dragon (shapeshifter) (D:11)
  11 komodo dragons
  8 trolls
  11 polar bears
  Prince Ribbit (D:9)
  4 hornets (Lair:5)
  A tyrant leech (Lair:2)
  15 blink frogs
  6 dream sheep
  12 spriggans (Lair:5)
  A wraith (D:10)
  A shadow (D:11)
  3 vampires
  A water elemental (Elf:1)
  6 wyverns
  60 yaks
  4 basilisks
  3 vampire mosquitoes
  3 steam dragons
  2 wargs (Orc:2)
  3 acid dragons
  3 nagas (Lair:2)
  Duvessa (D:7)
  A swamp worm (Lair:2)
  23 water moccasins
  5 black bears
  2 sky beasts
  30 orc warriors
  An ice beast (D:8)
  15 ogres
  26 wolves
  4 boggarts (Lair:5)
  12 centaurs
  2 kobold brigands
  2 phantoms
  5 bullfrogs
  5 scorpions
  An earth elemental (Elf:1)
  A gnoll sergeant (D:11)
  4 wights (D:9)
  Dowan (D:7)
  5 killer bees (D:9)
  4 electric eels (D:9)
  7 howler monkeys
  3 hounds
  A gnoll bouda (D:2)
  3 jellies
  13 orc priests
  A sleepcap (D:7)
  4 iguanas
  11 orc wizards
  7 hell rats (Lair:2)
  7 gnolls
  6 adders
  2 shadow imps
  A white imp (D:7)
  An ufetubus (D:3)
  A worm (D:2)
  4 dart slugs
  70 orcs
  12 endoplasms
  2 giant cockroaches (D:2)
  6 goblins
  5 hobgoblins
  8 jackals
  15 kobolds
  9 quokkas
  5 ball pythons
  7 bats
  2 frilled lizards (D:1)
  4 rats
618 creatures vanquished.

Notes
Turn   | Place    | Note
-------+----------+-------------------------------------------
     0 | D:1      | zenocrate the Octopode Shapeshifter began the quest for the
                  | Orb.
     0 | D:1      | Reached XP level 1. HP: 13/13 MP: 1/1
    63 | D:1      | Reached XP level 2. HP: 18/18 MP: 2/2
   282 | D:1      | Found a faded altar of an unknown god.
   322 | D:1      | Reached XP level 3. HP: 21/23 MP: 3/3
   929 | D:2      | Reached XP level 4. HP: 25/28 MP: 4/4
  1089 | D:2      | Reached skill level 4 in Unarmed Combat
  1116 | D:3      | Reached XP level 5. HP: 28/33 MP: 5/5
  1704 | D:4      | Found a hide-covered altar of Uskayaw.
  1707 | D:4      | Found an ornate altar of the Wu Jian Council.
  1708 | D:4      | Found a broken altar of Ashenzari.
  1708 | D:4      | Found a glowing silver altar of Zin.
  1712 | D:4      | Found a bloodstained altar of Trog.
  1980 | D:4      | Noticed an ogre
  1998 | D:4      | Killed an ogre
  1999 | D:4      | Reached XP level 6. HP: 38/38 MP: 6/6
  2259 | D:5      | Entered Level 5 of the Dungeon
  2277 | D:5      | Learned a level 3 spell: Tukima's Dance
  2327 | D:5      | Noticed a water moccasin
  2342 | D:5      | Killed a water moccasin
  2343 | D:5      | Reached skill level 5 in Unarmed Combat
  2343 | D:5      | Reached skill level 1 in Evocations
  2343 | D:5      | Reached XP level 7. HP: 36/43 MP: 7/7
  2368 | D:5      | Reached skill level 5 in Shapeshifting
  2841 | D:6      | Identified the ring of the Prince of Darkness {Will+ EV+5
                  | Str+5}
  2985 | D:6      | Reached XP level 8. HP: 48/48 MP: 8/8
  3005 | D:6      | Reached skill level 6 in Unarmed Combat
  3026 | D:6      | Found a staircase to the Ecumenical Temple.
  3044 | Temple   | Entered the Ecumenical Temple
  3069 | Temple   | Became a worshipper of Gozag Ym Sagoz the Greedy
  3395 | D:6      | Found a shimmering blue altar of Sif Muna.
  3608 | D:7      | Noticed Jeremiah
  3623 | D:7      | Killed Jeremiah
  3624 | D:7      | Reached skill level 7 in Unarmed Combat
  3624 | D:7      | Reached skill level 5 in Evocations
  3648 | D:7      | Reached XP level 9. HP: 55/55 MP: 9/9
  3673 | D:7      | Found a sacrificial altar of Ru.
  3996 | D:7      | Reached skill level 1 in Throwing
  4032 | D:7      | Noticed Maggie
  4033 | D:7      | Noticed Duvessa
  4033 | D:7      | Noticed Dowan
  4039 | D:7      | Killed Maggie
  4040 | D:7      | Reached skill level 8 in Unarmed Combat
  4053 | D:7      | Killed Duvessa
  4064 | D:7      | Killed Dowan
  4307 | D:6      | Got Sif Muna's Papyrus of the Discharge
  4309 | D:6      | Got Sif Muna's Lectures on Destruction
  4584 | D:8      | Reached XP level 10. HP: 36/63 MP: 10/10
  4733 | D:8      | Noticed a red ugly thing
  4740 | D:8      | Killed a red ugly thing
  4824 | D:8      | Reached skill level 5 in Dodging
  4831 | D:8      | Reached skill level 9 in Unarmed Combat
  5655 | D:9      | Noticed Prince Ribbit
  5748 | D:9      | Killed Prince Ribbit
  5920 | D:9      | Noticed Joseph
  5930 | D:9      | Killed Joseph
  5940 | D:9      | Reached skill level 10 in Unarmed Combat
  5952 | D:9      | Reached XP level 11. HP: 32/69 MP: 11/11
  6317 | D:10     | Entered Level 10 of the Dungeon
  6618 | D:10     | Found a snail-covered altar of Cheibriados.
  6672 | D:10     | Noticed a two-headed ogre
  6681 | D:10     | Killed a two-headed ogre
  6723 | D:10     | Reached skill level 11 in Unarmed Combat
  6998 | D:11     | Found a staircase to the Orcish Mines.
  7299 | D:11     | Found a runed translucent gate.
  7300 | D:11     | Found a runed translucent gate.
  7301 | D:11     | Found a runed translucent gate.
  7301 | D:11     | Noticed dxb338's ghost (journeyman FeWr)
  7324 | D:11     | Noticed a boulder beetle
  7339 | D:11     | HP: 3/69 [boulder beetle (19)]
  7344 | D:11     | Killed a boulder beetle
  7345 | D:11     | Reached skill level 12 in Unarmed Combat
  7428 | D:11     | Found a shimmering blue altar of Sif Muna.
  7429 | D:11     | Found an ancient bone altar of Kikubaaqudgha.
  7430 | D:11     | Found a stormy altar of Qazlal.
  7430 | D:11     | Found a glowing silver altar of Zin.
  7438 | D:11     | Noticed a deep elf pyromancer
  7438 | D:11     | Noticed an entropy weaver
  7439 | D:11     | Noticed a skeletal warrior
  7446 | D:11     | Killed an entropy weaver
  7449 | D:11     | Killed a deep elf pyromancer
  7450 | D:11     | Reached XP level 12. HP: 74/74 MP: 12/12
  7469 | D:11     | Reached skill level 13 in Unarmed Combat
  7624 | D:11     | Identified the ring "Kociy" {rC++ Str+6 Int-4}
  7880 | D:11     | Noticed a two-headed ogre
  7913 | D:11     | Reached skill level 10 in Shapeshifting
  7977 | D:11     | Killed a two-headed ogre
  8020 | D:11     | Found a staircase to the Lair.
  8427 | Lair:1   | Entered Level 1 of the Lair of Beasts
  8558 | Lair:1   | Gained mutation: You are resistant to electric shocks.
                  | (rElec) [potion of mutation]
  8558 | Lair:1   | Lost mutation: You are resistant to electric shocks.
                  | (rElec) [potion of mutation]
  8558 | Lair:1   | Gained mutation: You are frail. (-10% HP) [potion of
                  | mutation]
  8559 | Lair:1   | Lost mutation: You are frail. (-10% HP) [potion of
                  | mutation]
  8559 | Lair:1   | Gained mutation: You are partially covered in iridescent
                  | scales. (AC +2) [potion of mutation]
  8660 | Lair:1   | Reached skill level 14 in Unarmed Combat
  8661 | Lair:1   | Noticed a catoblepas
  8678 | Lair:1   | Killed a catoblepas
  8976 | Lair:1   | Noticed Gastronok
  8993 | Lair:1   | Killed Gastronok
  9647 | Lair:2   | Reached XP level 13. HP: 61/79 MP: 13/13
  9655 | Lair:2   | Reached skill level 15 in Unarmed Combat
  9852 | Lair:2   | Noticed Amaemon
  9857 | Lair:2   | Killed Amaemon
  9980 | Lair:2   | Found a staircase to the Swamp.
 10330 | Lair:2   | Found a staircase to the Snake Pit.
 10342 | Lair:2   | Reached skill level 16 in Unarmed Combat
 10631 | Lair:1   | Bought a wand of paralysis (5) for 132 gold pieces
 10631 | Lair:1   | Bought a scroll of identify for 22 gold pieces
 10631 | Lair:1   | Bought a wand of mindburst (6) for 92 gold pieces
 10631 | Lair:1   | Bought a wand of flame (9) for 69 gold pieces
 10675 | Lair:3   | Reached skill level 1 in Spellcasting
 10754 | Lair:3   | Learned a level 2 spell: Wereblood
 10867 | Lair:3   | Reached skill level 1 in Transmutations
 11888 | Lair:4   | Reached XP level 14. HP: 85/85 MP: 18/18
 12167 | Lair:4   | Found a staircase to the Slime Pits.
 12951 | Lair:4   | Reached skill level 5 in Transmutations
 12980 | Lair:5   | Entered Level 5 of the Lair of Beasts
 13092 | Lair:5   | Reached skill level 17 in Unarmed Combat
 13394 | Lair:5   | Reached skill level 5 in Fighting
 13665 | Lair:5   | Identified the ring of Mom Faoh {Wiz rPois Will+ Dex+2}
 14340 | Lair:5   | Reached XP level 15. HP: 94/94 MP: 16/19
 15007 | Orc:1    | Entered Level 1 of the Orcish Mines
 15156 | Orc:1    | Reached skill level 18 in Unarmed Combat
 15562 | Orc:2    | Entered Level 2 of the Orcish Mines
 15966 | Orc:2    | Reached skill level 10 in Dodging
 16115 | Orc:2    | Found Lugirood's Weapon Boutique.
 16172 | Orc:2    | Found Ica Sux's Jewellery Shoppe.
 16172 | Orc:2    | Found Julexuj's Magic Scroll Shop.
 16175 | Orc:2    | Found Lereiwua's Armour Emporium.
 16188 | Orc:2    | Bought a scroll of identify for 26 gold pieces
 16188 | Orc:2    | Bought a scroll of identify for 26 gold pieces
 16188 | Orc:2    | Bought a scroll of teleportation for 39 gold pieces
 16188 | Orc:2    | Bought a scroll of blinking for 97 gold pieces
 16271 | Orc:2    | Found a staircase to the Elven Halls.
 16651 | Elf:1    | Entered Level 1 of the Elven Halls
 16718 | Orc:2    | Bought the ring of Woruopiy {rPois EV+5 Slay+2 SInv} for
                  | 777 gold pieces
 16812 | Lair:1   | Bought the ring "Piokiqet" {AC+4 Str+3} for 542 gold pieces
 16812 | Lair:1   | Bought the ring of the Fiend {rN+ rCorr Dex+3} for 412 gold
                  | pieces
 17280 | Elf:1    | Identified the ring "Otet" {rC+ rN+ Dex+6}
 17306 | Elf:1    | HP: 1/94 [deep elf archer/arrow (21)]
 17308 | Elf:1    | Shot with an arrow by a deep elf archer

Illustrated notes

Levels and vault maps discovered:
D:1:      lemuel_arrival_rhombus, layout_loops_cross, serial_rivers,
          chequers_serial_rivers_micro_a, chequers_serial_rivers_micro_c,
          chequers_serial_rivers_small_a, chequers_serial_rivers_micro_c,
          hellmonk_ecumenical_altar_dog_temple
D:2:      layout_rooms
D:3:      layout_rooms, kennysheep_generic_room_15
D:4:      layout_rooms, grunt_temple_overflow_open, minmay_puff
D:5:      layout_loops_ring
D:6:      layout_cave_pools, nicolae_sif_muna_little_library,
          minmay_temple_entry_statues_pillars
D:7:      minmay_angry_zag, layout_basic, old_standard_altar,
          hangedman_abyss_or_decor_slice, grunt_ministairs_14, uniq_duvessa,
          uniq_jeremiah, uniq_maggie
D:8:      layout_basic
D:9:      nicolae_moon_pools, layout_rooms, chequers_serial_rivers_room_b,
          uniq_joseph, uniq_prince_ribbit1
D:10:     layout_cave_pools, lemuel_tele_altar, serial_column_ruins,
          column_ruins_hut_ruined, column_ruins_hut_ruined, column_ruins_grid_3,
          column_ruins_columns_corner, column_ruins_open_small_water
D:11:     minmay_the_grid_octo_tiled_octocenter_mashed
          [minmay_the_grid_octo_shrine, minmay_the_grid_octo_horde,
          minmay_the_grid_octo_chip, minmay_the_grid_octo_thin_diamonds,
          minmay_the_grid_octo_prize_square_snowflake,
          minmay_the_grid_square_5x5_shrine2,
          minmay_the_grid_square_5x5_two_walls_a,
          minmay_the_grid_square_5x5_seven,
          minmay_the_grid_square_5x5_three_small], layout_irregular_city,
          minmay_lair_entry_grove, orc_0_dummy, gammafunk_ghost_nasty_kobolds,
          serial_glass, glass_columns_b, glass_columns_a, feat_on_display,
          minmay_strange_pillars, due_unseen_surprise, item_on_display_a
Temple:   nicolae_temple_superstar
Lair:1:   layout_hall_layers, uniq_gastronok
Lair:2:   layout_gridlike, minmay_swamp_entry_worms, nicolae_snake_entry_squirm,
          grunt_megastairs_1, serial_bayou_shore_b, lemuel_fruit_tree,
          infiniplex_staircase_pool_2, uniq_amaemon
Lair:3:   layout_regular_city, beast_lair_carwin_6
Lair:4:   layout_small_grid, nicolae_slime_entry_slimehenge, dpeg_oklob_1
Lair:5:   minmay_lair_end_enchanted_forest, layout_layer_cave
Orc:1:    layout_diamond_mine, mines4_lemuel
Orc:2:    st_orc_rangers, layout_caves
Elf:1:    minmay_elf_arrival_summoners, layout_geoelf_octagon,
          minmay_elf_annihilation, nicolae_twisting_strands,
          nicolae_elf_w_pinch, minivault_26, grunt_ministairs_13, uniq_norris

Skill      XL: |  1  2  3  4  5  6  7  8  9 10 11 12 13 14 15 |
---------------+----------------------------------------------+-----
Dodging        | 3 4 6 8 10 | 10.8
Unarmed Combat | 4 5 7 8 10 12 14 16 17 18 | 18.6
Shapeshifting  | 4 5 6 7 9 10 11 12 | 12.3
Evocations     | 1 3 5 7 |  7.2
Fighting       | 2 4 6 |  6.2
Throwing       | 2 3 |  3.1
Spellcasting   | 3 |  3.2
Transmutations | 3 5 |  5.0

Action                     |  1- 3 |  4- 6 |  7- 9 | 10-12 | 13-15 || total
---------------------------+-------+-------+-------+-------+-------++-------
  Melee: Unarmed           |    83 |   107 |   205 |   436 |   662 ||  1493
         Constrict         |    16 |    25 |    42 |    57 |    92 ||   232
         Tentacles         |    12 |    23 |    60 |   129 |   157 ||   381
         Punch             |     1 |     2 |     8 |    28 |    73 ||   112
  Throw: Boomerang         |       |     2 |     1 |     1 |       ||     4
         Throwing net      |       |     1 |       |       |       ||     1
   Cast: Wereblood         |       |       |       |       |    24 ||    24
 Invoke: Potion Petition   |       |       |       |     3 |     3 ||     6
         Call Merchant     |       |       |       |     1 |     2 ||     3
  Evoke: Wand              |       |       |     7 |    13 |    23 ||    43
    Use: Potion            |       |     1 |     1 |    10 |    10 ||    22
         Scroll            |       |       |     6 |    11 |    13 ||    30
   Stab: Sleeping          |     6 |     7 |     5 |     3 |    14 ||    35
         Held in net/web   |       |     2 |       |       |       ||     2
         Distracted        |       |     2 |       |     1 |    13 ||    16
         Paralysed         |       |       |     8 |     4 |     7 ||    19
 Armour: Skin              |     7 |    28 |     6 |    49 |    52 ||   142
  Dodge: Dodged            |    45 |    63 |   140 |   414 |   566 ||  1228
   Form: Flux              |       |       |     1 |     1 |       ||     2
         Beast             |       |       |     1 |       |       ||     1
         Blade             |       |       |       |     1 |       ||     1

Table legend: (Time is in decaauts)
 A = Elapsed time spent in this place.
 B = Non-inter-level travel time spent in this place.
 C = Inter-level travel time spent in this place.
 D = Time resting spent in this place.
 E = Time spent auto-exploring this place.
 F = Levels seen in this place.
 G = Mean time per level.
                   A        B        C        D        E       F      G
               +--------+--------+--------+--------+--------+-----+--------+
         Total |  17001 |  15945 |   1056 |    307 |  11871 |  20 |  850.0 |
       Dungeon |   8372 |   7948 |    424 |    201 |   5832 |  11 |  761.1 |
        Temple |     50 |      2 |     48 |      0 |      0 |   1 |   50.0 |
          Lair |   6418 |   6094 |    324 |     55 |   4693 |   5 | 1283.6 |
  Orcish Mines |   1816 |   1559 |    257 |     43 |   1133 |   2 |  908.0 |
   Elven Halls |    343 |    341 |      2 |      7 |    212 |   1 |  343.0 |
               +--------+--------+--------+--------+--------+-----+--------+

Top non-repeatable levels by time:
  Lair:5: 1733 daAuts
    D:11: 1434 daAuts
  Lair:4: 1381 daAuts
  Lair:2: 1142 daAuts
  Lair:1: 1137 daAuts
   Orc:2: 1096 daAuts
  Lair:3: 1023 daAuts
     D:8: 1023 daAuts
     D:9: 916 daAuts
     D:7: 891 daAuts
   Orc:1: 719 daAuts
    D:10: 710 daAuts
     D:1: 683 daAuts
     D:4: 591 daAuts
     D:6: 587 daAuts
